 Dungeon Crawl Stone Soup version 0.23.0-3-gf3c87f2 (webtiles) character file.

Game seed: 15951228806174752632

1415 Borgoz the Cutter (level 8, -12/68 HPs)
             Began as a Ghoul Monk on Feb 18, 2019.
             Was a Believer of Ashenzari.
             Mangled by Harold
             ... wielding a +0 war axe of distortion
              (15 damage)
             ... on level 8 of the Dungeon on Feb 20, 2019.
             The game lasted 00:24:18 (7197 turns).

Borgoz the Cutter (Ghoul Monk)                      Turns: 7197, Time: 00:24:19

Health: -12/68     AC: 12    Str: 15    XL:     8   Next: 71%
Magic:  7/7        EV:  4    Int:  6    God:    Ashenzari [**....]
Gold:   327        SH:  0    Dex: 12    Spells: 7/7 levels left

rFire    . . .     SeeInvis .   a - +0 dagger (venom)
rCold    + . .     Gourm    .   (no shield)
rNeg     + + +     Faith    .   i - +0 chain mail
rPois    ∞         Spirit   .   p - +0 helmet
rElec    .         Reflect  .   d - +0 cloak
rCorr    .         Harm     .   (no gloves)
MR       .....                  n - +0 pair of boots
Stlth    ..........             (no amulet)
HPRegen  0.00/turn              (no ring)
MPRegen  0.10/turn              (no ring)

@: held, rotting
A: rotting body, claws 1, carnivore, cold resistance 1, negative energy
resistance 3, inhibited regeneration, torment resistance, unbreathing
a: Curse Item, Scrying, Renounce Religion


You were on level 8 of the Dungeon.
You worshipped Ashenzari.
Ashenzari was pleased with you.
You were not hungry.

You visited 2 branches of the dungeon, and saw 9 of its levels.

You collected 327 gold pieces.

Inventory:

Hand Weapons
 a - a +0 dagger of venom (weapon)
 b - a +0 blowgun
Missiles
 k - 30 poisoned needles
 u - 8 curare-tipped needles
Armour
 d - a +0 cloak (worn)
 i - a +0 chain mail (worn)
 n - a +0 pair of boots (worn)
 p - a +0 helmet (worn)
 r - +0 gold dragon scales
Wands
 o - a wand of disintegration (17)
 v - a wand of iceblast (7)
 w - a wand of acid (12)
Scrolls
 f - 3 scrolls of remove curse
 g - 3 scrolls of teleportation
 j - 2 scrolls of blinking
 m - 3 scrolls of magic mapping
 q - a scroll of enchant weapon
Potions
 t - a potion of flight
Comestibles
 c - 17 rations


   Skills:
 + Level 5.3 Fighting
 * Level 5.7 Short Blades
 + Level 3.2 Armour
 * Level 5.7 Dodging
 + Level 5.2 Stealth


You had 7 spell levels left.
You didn't know any spells.
Your spell library was empty.

Dungeon Overview and Level Annotations

Branches:
Dungeon (8/15)             Temple (1/1) D:4
   Lair: D:8-11

Altars:
Ashenzari
Dithmenos
Fedhas
Gozag
Makhleb
Nemelex Xobeh
Okawaru
Qazlal
Trog
Uskayaw
Vehumet
Xom
The Shining One

Annotations:
D:8 Harold


Innate Abilities, Weirdness & Mutations

Your body is rotting away.
You thrive on raw meat.
You are immune to poison.
You have sharp fingernails.
You are carnivorous and can eat meat at any time.
Your flesh is cold resistant. (rC+)
You are immune to negative energy. (rN+++)
You do not regenerate when monsters are visible.
You are immune to unholy pain and torment.
You can survive without breathing.


Message History

You see here a throwing net.
You tear a large gash into the net.
The wight hits you but does no damage.
You struggle against the net.
The wight completely misses you. Harold gestures at you while chanting.
You barely resist.
You rip the net and break free!
The wight hits you but does no damage.
Harold drinks a potion.
Harold seems to speed up.
Harold throws a throwing net.
The throwing net hits you.
You become entangled in the net!
The wight hits you but does no damage.
You see here a throwing net.
You struggle against the net.
Harold pauses a moment, imagining something with a smile on his face.
The orc priest looks encouraged for a moment.
The wight hits you but does no damage.
You struggle against the net.
Harold hits you but does no damage. Space bends around you.
* * * LOW HITPOINT WARNING * * *
You struggle against the net.
Harold hits you with a +0 war axe of distortion!
You die...

* *### * , ,..., , * * *
, ,..# * * ,, , * .
**#.# ** *** .. #.#
####### ..#
#)#########....... *
...####o..zzooz.z@.$....
* *
.......Kz#######@######*
......o..# #.#
.........# #.# *
%.......z#######.##
...<..........,...# *
......z..>### #..# *
........#)# #..# ,
....###<#(# #..# *, ,
...< #(#(######..#### **
* *


You could see Harold, 4 wights, an orc priest and an orc.

Vanquished Creatures
  Sigmund (D:5)
  A water moccasin (D:6)
  A phantom (D:5)
  A centaur (D:6)
  A big kobold (D:5)
  2 bullfrogs (D:6)
  A scorpion (D:5)
  A howler monkey (D:5)
  A jelly (D:4)
  A hound (D:4)
  A quasit (D:6)
  A bullfrog zombie (D:6)
  An orc priest (D:3)
  2 centaur skeletons
  Jessica (D:3)
  2 iguanas (D:4)
  3 worker ants (D:5)
  2 howler monkey zombies
  A gnoll (D:1)
  9 adders
  11 oozes
  An adder skeleton (D:4)
  A worm (D:4)
  2 dart slugs
  8 leopard geckos
  14 orcs
  8 giant cockroaches
  6 goblins
  7 hobgoblins
  17 jackals
  7 quokkas
  2 ball pythons
  7 bats
  3 frilled lizards
  A giant cockroach zombie (D:6)
  A jackal skeleton (D:4)
  A jackal zombie (D:5)
  28 kobolds
  A leopard gecko skeleton (D:5)
  A quokka zombie (D:5)
  14 rats
175 creatures vanquished.

Vanquished Creatures (others)
  13 toadstools (D:4)
13 creatures vanquished.

Grand Total: 188 creatures vanquished

Notes
Turn   | Place    | Note
-------+----------+-------------------------------------------
     0 | D:1      | Borgoz the Ghoul Monk began the quest for the Orb.
     0 | D:1      | Reached XP level 1. HP: 19/19 MP: 0/0
   443 | D:1      | Reached XP level 2. HP: 12/26 MP: 1/1
   693 | D:1      | Reached XP level 3. HP: 22/31 MP: 2/2
  1373 | D:2      | Reached XP level 4. HP: 36/38 MP: 3/3
  1466 | D:2      | Found a shimmering altar of Xom.
  1468 | D:2      | Found a shattered altar of Ashenzari.
  1468 | D:2      | Found a glowing golden altar of the Shining One.
  1470 | D:2      | Found a hide-covered altar of Uskayaw.
  1470 | D:2      | Found a sparkling altar of Nemelex Xobeh.
  1470 | D:2      | Found a blossoming altar of Fedhas.
  1962 | D:2      | Reached skill level 1 in Armour
  2272 | D:3      | Noticed Jessica
  2283 | D:3      | Killed Jessica
  2283 | D:3      | Reached XP level 5. HP: 38/46 MP: 4/4
  2928 | D:3      | Reached XP level 6. HP: 34/52 MP: 5/5
  3321 | D:4      | Found a staircase to the Ecumenical Temple.
  3374 | Temple   | Entered the Ecumenical Temple
  3423 | Temple   | Became a worshipper of Ashenzari the Shackled
  3423 | Temple   | Reached * piety under Ashenzari
  3423 | Temple   | Reached ** piety under Ashenzari
  3599 | D:4      | Found an opulent altar of Gozag.
  4753 | D:5      | Entered Level 5 of the Dungeon
  4782 | D:5      | Reached XP level 7. HP: 46/60 MP: 6/6
  4873 | D:5      | Found an iron altar of Okawaru.
  5368 | D:5      | Noticed Sigmund
  5413 | D:5      | Killed Sigmund
  5413 | D:5      | Reached skill level 5 in Short Blades
  5413 | D:5      | Reached skill level 5 in Dodging
  5413 | D:5      | Reached XP level 8. HP: 18/67 MP: 7/7
  5587 | D:5      | Upgraded the game from 0.23.0 to 0.23.0-2-g0fe3ce5
  5994 | D:6      | Reached skill level 5 in Fighting
  5998 | D:6      | Upgraded the game from 0.23.0-2-g0fe3ce5 to
                  | 0.23.0-3-gf3c87f2
  6110 | D:6      | Found a shattered altar of Ashenzari.
  6689 | D:6      | Reached skill level 5 in Stealth
  7189 | D:8      | Noticed Harold
  7196 | D:8      | HP: 3/68 [Harold/+0 war axe of distortion (6)]
  7197 | D:8      | Mangled by Harold

Skill      XL: |  1  2  3  4  5  6  7  8 |
---------------+-------------------------+-----
Short Blades   | 3 4 5 |  5.7
Dodging        | 3 4 5 |  5.7
Armour         | 1 2 3 |  3.2
Stealth        | 3 4 5 |  5.2
Fighting       | 4 5 |  5.3

Action                   |  1- 3 |  4- 6 |  7- 9 || total
-------------------------+-------+-------+-------++-------
Melee: Short sword       |   128 |   576 |    99 ||   803
       Dagger            |       |       |   363 ||   363
 Fire: Blowgun           |       |       |    18 ||    18
  Use: Potion            |       |     5 |     3 ||     8
       Scroll            |       |     4 |     8 ||    12
 Stab: Sleeping          |     3 |       |       ||     3
  Eat: Chunk             |     3 |    22 |    15 ||    40
Armor: Leather armour    |     2 |       |       ||     2
       Chain mail        |    47 |   264 |   271 ||   582
       Gold dragon scale |       |    53 |       ||    53
Dodge: Dodged            |    59 |   160 |   209 ||   428
